 Dungeon Crawl Stone Soup version 0.31.0-32-g396128a36d (webtiles) character file.

Game seed: 5376770960844314273

3711 ConditionCatalyst the Merchant of Misery (level 9, -9/74 HPs)
             Began as a Demonspawn Necromancer on Mar 20, 2024.
             Was a Believer of Kikubaaqudgha.
             Succumbed to their own poison gas
             ... on level 8 of the Dungeon.
             The game lasted 00:19:18 (13147 turns).

ConditionCatalyst the Merchant of Misery (DsNe)    Turns: 13147, Time: 00:19:19

Health: -9/74      AC:  6    Str:  8    XL:     9   Next: 91%
Magic:  21/21      EV: 12    Int: 21    God:    Kikubaaqudgha [**....]
Gold:   284        SH:  4    Dex: 13    Spells: 7/12 levels left

rFire   . . .        A - +1 dagger (speed)
rCold   . . .        (no shield)
rNeg    . . .        h - +2 robe {Will+}
rPois   .            (helmet restricted)
rElec   .            q - +0 cloak
rCorr   .            t - +0 pair of gloves
SInv    .            (no boots)
Will    +....        H - amulet of regeneration
Stlth   ++           M - ring of magical power
HPRegen 1.12/turn    (no ring)
MPRegen 0.17/turn

%: no passive effects
@: lethally poisoned (-9 -> -54)
A: horns 2, demonic guardian 1, sturdy frame 1, condensation shield
a: Renounce Religion, Unearth Wretches


You were on level 8 of the Dungeon.
You worshipped Kikubaaqudgha.
Kikubaaqudgha was pleased with you.
You visited 2 branches of the dungeon, and saw 9 of its levels.

You collected 544 gold pieces.
You spent 260 gold pieces at shops.


Innate Abilities, Weirdness & Mutations

You have a pair of horns on your head.
A weak demonic guardian rushes to your aid.
Your movements are slightly less encumbered by armour. (ER -2)
A meltable shield of frost defends you. (SH +4)


   Skills:
 - Level 8.0 Fighting
 + Level 5.2 Short Blades
 - Level 1.7 Dodging
 - Level 1.7 Stealth
 - Level 2.0 Spellcasting
 - Level 12.0 Necromancy


You had 7 spell levels left.
You knew the following spells:

 Your Spells              Type           Power      Damage    Failure   Level
a - Animate Dead          Necr           51%        N/A       1%          4
X - Necrotise             Necr           100%       1d9       1%          1

Your spell library contained the following spells:

 Spells                   Type           Power      Damage    Failure   Level
 Vampiric Draining        Necr           51%        2d9       1%          3
 Curse of Agony           Necr           51%        N/A       3%          5
 Cigotuvi's Dreadful Rot  Necr/Alch/Air  36%        N/A       4%          2
 Apportation              Tloc           4%         N/A       14%         1
 Slow                     Hex            8%         N/A       14%         1
 Jinxbite                 Hex            4%         N/A       22%         2
 Lesser Beckoning         Tloc           4%         N/A       22%         2
 Mercury Vapours          Alch/Air       4%         N/A       22%         2
 Confusing Touch          Hex            2%         N/A       41%         3
 Dazzling Flash           Conj/Hex       4%         N/A       41%         3
 Gell's Gravitas          Tloc           2%         N/A       41%         3
 Mephitic Cloud           Conj/Alch/Air  2%         N/A       41%         3
 Sigil of Binding         Hex            2%         N/A       41%         3
 Teleport Other           Tloc           2%         N/A       41%         3
 Volatile Blastmotes      Fire/Tloc      4%         2d10      41%         3
 Alistair's Intoxication  Alch           1%         N/A       99%         5
 Freezing Cloud           Conj/Ice/Air   1%         6-21      99%         5
 Starburst                Conj/Fire      1%         6d3       100%        6
 Maxwell's Capacitive Co  Air            1%         ∞         100%        8

Inventory:

Hand Weapons
 e - a +0 dagger
 w - a +4 war axe
 A - a +1 dagger of speed (weapon)
Missiles
 j - 12 poisoned darts (quivered)
Armour
 a - a +0 robe
 h - a +2 robe of willpower (worn)
 q - a +0 cloak (worn)
 t - a +0 pair of gloves (worn)
Magical Staves
 F - a staff of conjuration {!a}
Jewellery
 H - an amulet of regeneration (around neck)
 M - a ring of magical power (left hand)
Wands
 o - a wand of flame (54)
 B - a wand of paralysis (10)
 E - a wand of light (9)
Scrolls
 c - 2 scrolls of torment
 i - 2 scrolls of blinking
 k - a scroll of fog
 m - 7 scrolls of teleportation {@r2}
 n - a scroll of immolation
 p - a scroll of vulnerability
 r - 2 scrolls of amnesia
 z - a scroll of fear
 D - a scroll of noise
 I - 2 scrolls of identify {@r1}
Potions
 b - a potion of magic
 d - 2 potions of ambrosia
 g - 2 potions of heal wounds {@q2}
 l - 2 potions of brilliance
 s - 4 potions of curing {@q1}
 u - 2 potions of might
 x - 3 potions of mutation
 C - 2 potions of lignification
 G - a potion of invisibility

Dungeon Overview and Level Annotations

Branches:
Dungeon (8/15)             Temple (1/1) D:5
   Lair: D:8-11

Altars:
Cheibriados
Dithmenos
Fedhas
Gozag
Hepliaklqana
Kikubaaqudgha
Okawaru
Qazlal
Ru
Sif Muna
Uskayaw
Vehumet
Wu Jian
Xom
Yredelemnul

Shops:
D:2 [   D:8 !

Annotations:
D:4 Edmund

#######....#§§§§z.#...#.....#
...........#☼§§☼§z#...#.....#
...........#☼§§☼YY#...#.....#
.....##....#§§§☼§☼#...#.....#
.....##....#☼☼§§§§#...#.....#
...........#☼☼§YY§#...#.....#
..........☼§§§§§5§##'##.....#####
.....##...§§§§§§☼§§.......##.....
.....##...§§▒▒☼§@▒▒▒...▒▒....#...
...[..#....▒▒▒§▒§▒.▒.▒.▒▒▒...#...
...<..#....▒▒▒...▒.▒...▒▒▒...#...
......#.......▒▒▒...▒▒▒......#...
...Y.#####..▒.▒(▒.▒.▒.▒.▒..###...
.....##.......▒▒.▒.▒.▒▒........<.
...K.##...)▒▒▒..▒.▒.▒..▒▒▒.......
.....#.....▒...▒.▒.▒.▒.. ▒.......
.....'.....▒▒▒..▒.▒.▒..▒▒▒)......


You could see 4 yaks, a wight and a friendly shadow imp (summoned).


Message History

You are engulfed in poison gas.
You are more poisoned.
You feel very sick.
The yak is engulfed in poison gas.
The yak is poisoned.
The yak is engulfed in poison gas.
The yak is poisoned.
You are engulfed in poison gas.
You are more poisoned.
You feel extremely sick.
The yak is engulfed in poison gas.
The yak looks even sicker.
You are engulfed in poison gas.
You are more poisoned.
* * * LOW HITPOINT WARNING * * *
A demonic guardian appears!
* * * LOW HITPOINT WARNING * * *
You feel extremely sick.
The yak is engulfed in poison gas.
The yak looks even sicker.
The yak is engulfed in poison gas.
The yak looks even sicker.
You are engulfed in poison gas.
You are more poisoned.
* * * LOW HITPOINT WARNING * * *
x2 You feel extremely sick.
The yak is engulfed in poison gas.
The yak looks even sicker.
The yak is engulfed in poison gas.
The yak looks even sicker.
The yak is engulfed in poison gas.
The yak looks even sicker.
The yak is engulfed in poison gas.
The yak looks even sicker.
The yak looks as sick as possible!
You are engulfed in poison gas.
You are more poisoned.
You die...
Kikubaaqudgha rasps: "You have failed me!
Welcome... death!"

Skill      XL: |  1  2  3  4  5  6  7  8  9 |
---------------+----------------------------+-----
Fighting       | 1 2 4 5 7 8 |  8.0
Necromancy     | 5 6 7 9 11 12 | 12.0
Short Blades   | 5 |  5.2
Dodging        | |  1.7
Stealth        | |  1.7
Spellcasting   | |  2.0

Action                     |  1- 3 |  4- 6 |  7- 9 || total
---------------------------+-------+-------+-------++-------
  Melee: Dagger            |   130 |    70 |   610 ||   810
         Unarmed           |     2 |       |       ||     2
         Headbutt          |    23 |    15 |   146 ||   184
         Punch             |       |       |    15 ||    15
  Throw: Dart              |       |     5 |    15 ||    20
   Cast: Necrotise         |    23 |    34 |   140 ||   197
         Animate Dead      |       |       |     2 ||     2
  Evoke: Wand              |       |     3 |       ||     3
    Use: Scroll            |       |     8 |    11 ||    19
         Potion            |       |     2 |     3 ||     5
   Stab: Sleeping          |     6 |     1 |     3 ||    10
         Distracted        |       |       |     1 ||     1
 Armour: Robe              |    61 |    46 |   394 ||   501
  Dodge: Dodged            |    60 |    57 |   353 ||   470
  Block: Other             |    11 |    15 |   113 ||   139

Levels and vault maps discovered:
D:1:      denvon_arrival_waterhouse, layout_rooms
D:2:      layout_basic, serial_shops, nicolae_shop_back_alley_shop,
          minmay_lizard_pond
D:3:      layout_loops_cross
D:4:      layout_gridville, uniq_edmund
D:5:      cheibrodos_quashed, layout_basic, general_overflow_altar,
          minmay_temple_entry_purple_smoke, uniq_sigmund, uniq_pikel
D:6:      lemuel_slime, layout_loops_corners,
          regret_index_kikubaaqudgha_part_by_part
D:7:      layout_basic, minmay_fountain_box, hex_large, grunt_decor_cap,
          dk_rats_in_the_wall
D:8:      layout_gridville, mainiacjoe_overflow_24_doors, lair_entry_dummy,
          serial_shops, shop, enter_bailey_2, minmay_starry_boxes
Temple:   nicolae_temple_bog_church

Notes
Turn   | Place    | Note
-------+----------+-------------------------------------------
     0 | D:1      | ConditionCatalyst the Demonspawn Necromancer began the
                  | quest for the Orb.
     0 | D:1      | Reached XP level 1. HP: 13/13 MP: 3/3
   136 | D:1      | Reached skill level 1 in Fighting
   302 | D:1      | Gained mutation: You have a pair of small horns on your
                  | head. [demonic ancestry]
   302 | D:1      | Reached XP level 2. HP: 22/22 MP: 5/5
   386 | D:1      | Reached skill level 2 in Fighting
  1192 | D:2      | Reached skill level 5 in Necromancy
  1192 | D:2      | Gained mutation: A meltable shield of frost defends you.
                  | (SH +4) [demonic ancestry]
  1192 | D:2      | Reached XP level 3. HP: 27/27 MP: 2/6
  1625 | D:2      | Found Weoxaid's Armour Shoppe.
  2000 | D:3      | Reached XP level 4. HP: 19/33 MP: 0/7
  2853 | D:4      | Noticed a scorpion
  2858 | D:4      | Killed a scorpion
  2859 | D:4      | Reached skill level 6 in Necromancy
  2859 | D:4      | Reached XP level 5. HP: 38/38 MP: 2/8
  3132 | D:4      | Reached skill level 7 in Necromancy
  3269 | D:4      | Noticed Edmund
  3839 | D:5      | Entered Level 5 of the Dungeon
  3854 | D:5      | Reached XP level 6. HP: 44/44 MP: 5/9
  3971 | D:5      | Found a staircase to the Ecumenical Temple.
  3979 | Temple   | Entered the Ecumenical Temple
  4175 | D:5      | Reached skill level 8 in Necromancy
  4239 | D:5      | Found a shimmering blue altar of Sif Muna.
  4306 | D:5      | Noticed Pikel
  4355 | D:5      | HP: 2/44 [Pikel/+2 whip of flaming (5)]
  4358 | D:5      | Killed Pikel
  4359 | D:5      | Reached skill level 9 in Necromancy
  4359 | D:5      | Reached skill level 3 in Fighting
  4359 | D:5      | Reached skill level 4 in Fighting
  4359 | D:5      | Gained mutation: Your movements are slightly less
                  | encumbered by armour. (ER -2) [demonic ancestry]
  4359 | D:5      | Reached XP level 7. HP: 39/55 MP: 5/10
  4361 | D:5      | Reached skill level 5 in Fighting
  4605 | D:5      | Identified the amulet of Heph {Spirit rF- Str+5}
  4618 | D:5      | Noticed Sigmund
  4651 | D:5      | HP: 2/56 [something (9)]
  4659 | D:5      | Killed Sigmund
  4660 | D:5      | Gained mutation: You have a pair of horns on your head.
                  | [demonic ancestry]
  4660 | D:5      | Reached XP level 8. HP: 38/62 MP: 11/11
  5153 | D:5      | Reached skill level 10 in Necromancy
  5760 | D:6      | Reached skill level 6 in Fighting
  7005 | D:6      | Found an ancient bone altar of Kikubaaqudgha.
  7056 | D:6      | Reached skill level 11 in Necromancy
  7293 | D:6      | Became a worshipper of Kikubaaqudgha
  7464 | D:6      | Reached skill level 7 in Fighting
  7620 | D:6      | Noticed a slime creature
  7762 | D:6      | Gained mutation: A weak demonic guardian rushes to your
                  | aid. [demonic ancestry]
  7762 | D:6      | Reached XP level 9. HP: 68/72 MP: 12/12
  7774 | D:6      | Learned a level 4 spell: Animate Dead
  9440 | D:6      | Reached skill level 12 in Necromancy
  9533 | D:7      | HP: 5/72 [gnoll/+0 club[a gnoll sergeant] (4)]
 10102 | D:6      | Reached * piety under Kikubaaqudgha
 10102 | D:6      | Received a gift from Kikubaaqudgha
 10992 | D:7      | Reached skill level 8 in Fighting
 10992 | D:7      | Reached skill level 1 in Short Blades
 11268 | D:7      | Reached skill level 2 in Short Blades
 11733 | D:7      | Reached ** piety under Kikubaaqudgha
 11845 | D:7      | Reached skill level 3 in Short Blades
 12198 | D:8      | Found Kosuukk's Distillery.
 12206 | D:8      | Bought a potion of invisibility for 80 gold pieces
 12206 | D:8      | Bought a potion of mutation for 80 gold pieces
 12206 | D:8      | Bought a potion of curing for 30 gold pieces
 12206 | D:8      | Bought a potion of might for 40 gold pieces
 12206 | D:8      | Bought a potion of lignification for 30 gold pieces
 12579 | D:8      | HP: 3/74 [wyvern (10)]
 12580 | D:8      | Reached skill level 4 in Short Blades
 12834 | D:8      | Found a shimmering altar of Xom.
 12972 | D:8      | Reached skill level 5 in Short Blades
 13146 | D:8      | HP: 3/74 [poisoned by you (poison gas)]
 13147 | D:8      | Succumbed to their own poison gas

Vanquished Creatures
  Pikel (D:5)
  A slime creature (D:6)
  Sigmund (D:5)
  A yak (D:8)
  3 water moccasins
  2 ice beasts
  A sky beast (D:7)
  3 ogres
  A gnoll sergeant (D:7)
  2 bullfrogs
  6 scorpions
  A burial acolyte (D:6)
  2 howler monkeys
  4 bombardier beetles
  2 orc priests
  4 hounds
  11 jellies
  A sleepcap (D:4)
  2 iguanas
  An orc wizard (D:6)
  2 hound zombies (D:6)
  4 gnolls (D:6)
  7 adders
  2 river rats
  2 shadow imps (D:6)
  2 white imps (D:7)
  An adder zombie (D:6)
  2 ribbon worms
  17 orcs
  2 ball pythons
  4 bats
  11 endoplasms
  A giant cockroach (D:2)
  4 goblins
  5 hobgoblins
  4 jackals
  10 kobolds
  3 quokkas
  6 frilled lizards (D:2)
  2 gnoll zombies (D:6)
  2 kobold zombies (D:6)
  16 rats
159 creatures vanquished.

Vanquished Creatures (collateral kills)
  A wyvern (D:8)
  A jelly (D:6)
  6 river rats
  A white imp (D:7)
  2 endoplasms (D:6)
  2 rats
13 creatures vanquished.

Vanquished Creatures (others)
  A jelly zombie (D:6)
1 creature vanquished.

Grand Total: 173 creatures vanquished

Table legend: (Time is in decaauts)
 A = Elapsed time spent in this place.
 B = Non-inter-level travel time spent in this place.
 C = Inter-level travel time spent in this place.
 D = Time resting spent in this place.
 E = Time spent auto-exploring this place.
 F = Levels seen in this place.
 G = Mean time per level.
                   A        B        C        D        E       F      G
               +--------+--------+--------+--------+--------+-----+--------+
         Total |  13133 |  12799 |    334 |   3557 |   7061 |   9 | 1459.2 |
       Dungeon |  13131 |  12797 |    334 |   3557 |   7061 |   8 | 1641.4 |
        Temple |      1 |      1 |      0 |      0 |      0 |   1 |    1.0 |
               +--------+--------+--------+--------+--------+-----+--------+

Top non-repeatable levels by time:
     D:6: 4940 daAuts
     D:5: 2031 daAuts
     D:7: 1413 daAuts
     D:4: 1250 daAuts
     D:2: 1065 daAuts
     D:8: 906 daAuts
     D:1: 884 daAuts
     D:3: 640 daAuts
  Temple: 1 daAuts

Table legend:
 A = Non-vault XP
 B = Vault XP
 C = Vault XP percentage of total XP
 D = Non-vault monster count
 E = Vault monster count
 F = Vault count percentage of total count
                 A         B        C        D         E       F
            +---------+---------+-------+---------+---------+-------
      Total |    3112 |    2190 |  41.3 |     107 |      65 |  37.8
            +---------+---------+-------+---------+---------+-------
        D:1 |      24 |       0 |   0.0 |      13 |       0 |   0.0
        D:2 |      53 |       5 |   8.6 |      22 |       5 |  18.5
        D:3 |      29 |       0 |   0.0 |       4 |       0 |   0.0
        D:4 |     205 |       0 |   0.0 |      14 |       0 |   0.0
        D:5 |     678 |     864 |  56.0 |      14 |       2 |  12.5
        D:6 |     928 |     863 |  48.2 |      22 |      39 |  63.9
        D:7 |     758 |      63 |   7.7 |      14 |      13 |  48.1
        D:8 |     437 |     395 |  47.5 |       4 |       6 |  60.0
            +---------+---------+-------+---------+---------+-------
